 Dungeon Crawl Stone Soup version 0.23-a0-458-g93a6ea9 (webtiles) character file.

6189 riellis the Transmogrifier (level 10, -13/90 HPs)
             Began as a Green Draconian Transmuter on Nov 26, 2018.
             Was a Believer of the Shining One.
             Mangled by a yak (18 damage)
             ... on level 9 of the Dungeon.
             The game lasted 00:34:13 (8807 turns).

riellis the Transmogrifier (DrTm)                   Turns: 8807, Time: 00:34:14

Health: -13/90     AC:  9    Str: 12    XL:     10   Next: 60%
Magic:  6/13       EV: 13    Int: 17    God:    the Shining One [**....]
Gold:   305        SH:  0    Dex: 12    Spells: 2/13 levels left

rFire    . . .     SeeInvis .     - Unarmed
rCold    . . .     Gourm    .   (shield currently unavailable)
rNeg     + . .     Faith    .   (armour unavailable)
rPois    +         Spirit   .   (helmet restricted)
rElec    .         Reflect  .   (no cloak)
rCorr    .         Harm     .   (gloves currently unavailable)
MR       +....                  s - +1 pair of boots
Stlth    +.........             l - amulet of regeneration
HPRegen  0.65/turn              x - ring of wizardry
MPRegen  0.13/turn              n - ring of protection from magic

@: blade hands, glowing
A: breathe noxious fumes, unfitting armour, poison resistance, cold-blooded, AC
+7
a: Breathe Noxious Fumes, End Transformation, Divine Shield, Renounce Religion


You were on level 9 of the Dungeon.
You worshipped the Shining One.
The Shining One was pleased with you.
You were very hungry.
You had blades for hands.
You visited 1 branch of the dungeon, and saw 9 of its levels.

You collected 305 gold pieces.

Inventory:

Hand Weapons
 B - a +0 whip of electrocution
Missiles
 a - 150 arrows
 b - 279 stones
 j - 21 tomahawks (quivered)
Armour
 s - a +1 pair of boots (worn)
 A - a +0 shield
 G - the +1 pair of gloves of Fortitude (melded) {rN+ Int+9}
   (You found it on level 8 of the Dungeon)

   It affects your intelligence (+9).
   It protects you from negative energy.
Jewellery
 l - an amulet of regeneration (around neck)
 n - a ring of protection from magic (right scythe-like blade)
 x - a ring of wizardry (left scythe-like blade)
Wands
 v - a wand of digging (7)
Scrolls
 f - a scroll of blinking
 g - 2 scrolls of brand weapon {unknown}
 h - 7 scrolls of teleportation
 i - 2 scrolls of fear
 p - 2 scrolls of identify
 t - 4 scrolls of amnesia
 y - a scroll of remove curse
 C - a scroll of enchant weapon {unknown}
 F - 3 scrolls of random uselessness {unknown}
Potions
 d - 4 potions of curing
 e - a potion of brilliance
 k - 2 potions of cancellation
 m - 2 potions of haste {unknown}
 o - a potion of flight {unknown}
 q - a potion of berserk rage {unknown}
 r - 2 potions of heal wounds
 w - a potion of mutation {unknown}
 z - 3 potions of ambrosia
 D - a potion of agility {unknown}
 E - a potion of resistance {unknown}
Comestibles
 c - 17 rations
 u - 7 chunks of flesh


   Skills:
 + Level 8.7 Fighting
 + Level 3.4 Dodging
 * Level 9.0 Unarmed Combat
 - Level 2.0 Spellcasting
 - Level 10.0 Transmutations
 - Level 3.6 Poison Magic
 + Level 3.3 Invocations


You had 2 spell levels left.
You knew the following spells:

 Your Spells              Type           Power        Failure   Level  Hunger
a - Beastly Appendage     Tmut           #####.       4%          1    #......
b - Sticks to Snakes      Tmut           #####...     4%          2    ###....
c - Spider Form           Tmut/Pois      ###.......   12%         3    ###....
d - Blade Hands           Tmut           #####.....   19%         5    ######.

Your spell library contained the following spells:

 Spells                   Type           Power        Failure   Level  Hunger
 Infusion                 Chrm           #...         30%         1    #......
 Shroud of Golubria       Chrm/Tloc      #.........   38%         2    ###....
 Song of Slaying          Chrm           #.......     38%         2    ###....
 Ice Form                 Ice/Tmut       ###.....     34%         4    #####..
 Regeneration             Chrm/Necr      #.........   54%         3    ###....
 Spectral Weapon          Hex/Chrm       #.......     54%         3    ###....


Dungeon Overview and Level Annotations

Branches:
Dungeon (9/15)             Temple (0/1) D:6
   Lair: D:8-11         Orc: D:9-12

Altars:
Ashenzari
Okawaru
The Shining One


Innate Abilities, Weirdness & Mutations

You can breathe blasts of noxious fumes.
Your lurid green scales are hard. (AC +7)
You cannot fit into any form of body armour.
Your system is resistant to poisons. (rPois)
You are cold-blooded and may be slowed by cold attacks.


Message History

* * * LOW HITPOINT WARNING * * *
There is an open door, spattered with blood here.
Items here: ( ) †††† You slice the centaur!!
You kill the centaur!
Your Unarmed Combat skill increases to level 9!
The yak gores you!
* * * LOW HITPOINT WARNING * * *
The hungry ghost barely misses you.
You hit the yak but do no damage. The yak gores you!
* * * LOW HITPOINT WARNING * * *
The hungry ghost hits you.
You are feeling very hungry.
You feel much better. The yak gores you!
* * * LOW HITPOINT WARNING * * *
The hungry ghost barely misses you.
You slice the yak!!
The yak is heavily wounded.
The yak gores you!!
You die...

#.......#
#.....
#.......+
+.....
#.......#
#.....
+.......#
......
#.>.....#
.PP.P.
#.......#
..P...
######'##
.PP...
#(†#
P.P...
#@## .PP..
#Y)W....PP
#......PPP
#........P
#>........
#.........
#.......$P
#.....P...


You could see a yak and a hungry ghost.

Vanquished Creatures
  Pikel (D:7)
  Prince Ribbit (D:9)
  Sigmund (D:4)
  6 yaks
  A human (D:7)
  3 hogs (D:7)
  A hungry ghost (D:7)
  A porcupine (D:9)
  2 sky beasts
  4 orc warriors
  An ice beast (D:8)
  A phantom (D:5)
  2 necrophages
  3 ogres
  2 slaves (D:7)
  4 centaurs
  2 crocodiles (D:9)
  A big kobold (D:7)
  Blork the orc (D:5)
  5 bullfrogs
  A wyvern zombie (D:8)
  A scorpion (D:4)
  5 killer bees (D:8)
  3 howler monkeys
  A quasit (D:7)
  2 crimson imps (D:5)
  2 hounds (D:7)
  A gnoll shaman (D:4)
  4 orc priests
  11 orc wizards
  Jessica (D:3)
  2 iguanas
  A worker ant (D:9)
  A hound skeleton (D:5)
  2 worker ant zombies
  12 adders
  9 gnolls
  A howler monkey skeleton (D:6)
  A river rat (D:3)
  A shadow imp (D:9)
  An ooze (D:1)
  An adder zombie (D:7)
  An adder skeleton (D:8)
  5 worms
  2 dart slugs (D:1)
  3 leopard geckos
  29 orcs
  4 giant cockroaches
  4 goblins
  6 hobgoblins
  4 jackals (D:8)
  5 quokkas
  3 ball pythons
  11 bats
  5 frilled lizards
  8 kobolds
  A quokka skeleton (D:6)
  3 rats
201 creatures vanquished.

Vanquished Creatures (collateral kills)
  A necrophage (D:2)
  2 worker ants
  3 adders
  A leopard gecko (D:4)
  2 orcs
  A kobold (D:3)
  2 rats
12 creatures vanquished.

Vanquished Creatures (others)
  A slave (D:7)
  A scorpion (D:7)
  A killer bee (D:8)
  5 fungi (D:9)
  2 plants (D:9)
10 creatures vanquished.

Grand Total: 223 creatures vanquished

Notes
Turn   | Place    | Note
-------+----------+-------------------------------------------
     0 | D:1      | riellis the Draconian Transmuter began the quest for the
                  | Orb.
     0 | D:1      | Reached XP level 1. HP: 16/16 MP: 3/3
   162 | D:1      | Reached XP level 2. HP: 14/23 MP: 3/5
   195 | D:1      | Learned a level 2 spell: Sticks to Snakes
   791 | D:1      | Reached XP level 3. HP: 29/29 MP: 6/6
   796 | D:1      | Learned a level 3 spell: Spider Form
   897 | D:2      | Reached skill level 3 in Transmutations
  1090 | D:2      | Reached skill level 1 in Poison Magic
  1250 | D:2      | Reached XP level 4. HP: 12/36 MP: 4/7
  1663 | D:2      | Noticed a gnoll sergeant
  2012 | D:2      | Noticed a necrophage
  2031 | D:2      | Killed a necrophage
  2031 | D:2      | Reached XP level 5. HP: 35/44 MP: 2/8
  2822 | D:3      | Noticed Jessica
  2847 | D:3      | Killed Jessica
  3227 | D:3      | Reached XP level 6. HP: 29/51 MP: 4/9
  3743 | D:4      | Reached skill level 4 in Transmutations
  4060 | D:4      | Noticed Sigmund
  4084 | D:4      | Killed Sigmund
  4084 | D:4      | Reached skill level 5 in Transmutations
  4084 | D:4      | Your scales start taking on a lurid green colour.
  4084 | D:4      | Reached XP level 7. HP: 48/59 MP: 5/10
  4084 | D:4      | Gained mutation: Your system is resistant to poisons.
                  | (rPois) [Green Draconian growth]
  4363 | D:4      | Found a glowing golden altar of the Shining One.
  4502 | D:4      | Reached skill level 5 in Unarmed Combat
  4728 | D:4      | Became a worshipper of the Shining One
  4764 | D:5      | Entered Level 5 of the Dungeon
  4944 | D:5      | Noticed Blork the orc
  4972 | D:5      | Killed Blork the orc
  5268 | D:5      | Reached skill level 5 in Fighting
  5394 | D:5      | Reached skill level 6 in Transmutations
  5394 | D:5      | Reached XP level 8. HP: 48/68 MP: 6/11
  5637 | D:6      | Reached skill level 7 in Transmutations
  5955 | D:6      | Reached * piety under the Shining One
  6172 | D:6      | Found a shattered altar of Ashenzari.
  6208 | D:6      | Found a staircase to the Ecumenical Temple.
  6420 | D:7      | Reached skill level 8 in Transmutations
  6420 | D:7      | Reached XP level 9. HP: 59/78 MP: 5/12
  6606 | D:7      | Learned a level 5 spell: Blade Hands
  6612 | D:7      | Found an iron altar of Okawaru.
  6986 | D:7      | Noticed Pikel
  6995 | D:7      | Killed Pikel
  6995 | D:7      | Reached skill level 9 in Transmutations
  7466 | D:8      | Reached XP level 10. HP: 79/87 MP: 9/13
  7529 | D:8      | Reached skill level 10 in Transmutations
  7655 | D:8      | Reached ** piety under the Shining One
  7661 | D:8      | Reached skill level 1 in Invocations
  7912 | D:8      | Identified the +1 pair of gloves of Fortitude {rN+ Int+9}
                  | (You found it on level 8 of the Dungeon)
  8665 | D:9      | Noticed Prince Ribbit
  8670 | D:9      | Killed Prince Ribbit
  8805 | D:9      | HP: 1/87 [yak (12)]
  8807 | D:9      | Mangled by a yak

Vault maps used:
D:1:      dpeg_arrival_triangle_fractal, chequers_serial_rivers_micro_e
D:2:      wad_lake_hut
D:3:      portal_sewer_entry_b, first_ration, uniq_jessica
D:4:      nicolae_tso_carved_into_rock, uniq_sigmund
D:5:      patterned_corridor, uniq_blork_the_orc
D:6:      kennysheep_mini, temple_green
D:7:      okawaru_gym_becter, grunt_livestock, uniq_pikel
D:9:      nicolae_overflow_crystal_walls, due_lair_maze_entry_diamond,
          uniq_prince_ribbit1

Skill      XL: |  1  2  3  4  5  6  7  8  9 10 |
---------------+-------------------------------+-----
Fighting       | 2 3 4 5 6 7 8 |  8.7
Transmutations | 3 5 6 8 9 10 | 10.0
Poison Magic   | 1 2 3 |  3.6
Unarmed Combat | 4 5 6 7 9 |  9.0
Dodging        | 3 |  3.4
Invocations    | 3 |  3.3
Spellcasting   | |  2.0

Action                   |  1- 3 |  4- 6 |  7- 9 | 10-12 || total
-------------------------+-------+-------+-------+-------++-------
Melee: Unarmed           |    91 |   307 |   458 |   125 ||   981
       Tailslap          |     7 |    30 |    31 |     9 ||    77
       Kick              |    11 |    10 |       |       ||    21
       Headbutt          |     2 |    17 |    37 |     2 ||    58
       Punch             |       |     5 |     6 |     2 ||    13
Throw: Stone             |    26 |    12 |       |       ||    38
       Tomahawk          |    26 |    30 |    16 |     3 ||    75
 Cast: Beastly Appendage |    13 |    25 |    24 |     2 ||    64
       Sticks to Snakes  |     3 |    20 |     3 |       ||    26
       Spider Form       |       |     4 |    11 |     1 ||    16
       Blade Hands       |       |       |     4 |     5 ||     9
Invok: Divine Shield     |       |       |       |     1 ||     1
 Abil: Breathe Noxious F |       |       |     7 |     1 ||     8
  Use: Scroll            |     4 |     1 |     3 |     4 ||    12
       Potion            |     1 |     3 |       |     1 ||     5
 Stab: Distracted        |     1 |       |       |       ||     1
       Confused          |       |       |     1 |       ||     1
  Eat: Chunk             |     2 |     8 |    18 |     6 ||    34
       Ration            |       |     1 |       |       ||     1
Armor: Skin              |    32 |   112 |    94 |    34 ||   272
Dodge: Dodged            |    60 |   243 |   258 |    70 ||   631
Block: Other             |       |       |       |     2 ||     2

Table legend:
 A = Non-vault XP
 B = Vault XP
 C = Vault XP percentage of total XP
 D = Non-vault monster count
 E = Vault monster count
 F = Vault count percentage of total count
                 A         B        C        D         E       F
            +---------+---------+-------+---------+---------+-------
      Total |    5946 |    2896 |  32.8 |     195 |      17 |   8.0
            +---------+---------+-------+---------+---------+-------
        D:1 |      44 |       0 |   0.0 |      21 |       0 |   0.0
        D:2 |     202 |       0 |   0.0 |      24 |       0 |   0.0
        D:3 |     128 |      54 |  29.7 |      23 |       4 |  14.8
        D:4 |     501 |     227 |  31.2 |      32 |       1 |   3.0
        D:5 |     484 |      96 |  16.6 |      11 |       1 |   8.3
        D:6 |     904 |       0 |   0.0 |      23 |       0 |   0.0
        D:7 |     964 |    1690 |  63.7 |      26 |       6 |  18.8
        D:8 |     889 |       0 |   0.0 |      17 |       0 |   0.0
        D:9 |    1830 |     829 |  31.2 |      18 |       5 |  21.7
            +---------+---------+-------+---------+---------+-------
